 Dungeon Crawl Stone Soup version 0.24-a0-789-g35933f4585 (webtiles) character file.

Game seed: 16037037551055389638, levelgen mode: deterministic

1703 Conn the Conjurer (level 9, -1/54 HPs)
             Began as an Octopode Conjurer on Oct 10, 2019.
             Was a Follower of Sif Muna.
             Slain by a hippogriff (6 damage)
             ... on level 7 of the Dungeon.
             The game lasted 00:22:52 (7876 turns).

Conn the Conjurer (Octopode Conjurer)               Turns: 7876, Time: 00:22:53

Health: -1/54      AC:  1    Str:  8    XL:     9   Next: 3%
Magic:  9/17       EV: 14    Int: 24    God:    Sif Muna [*.....]
Gold:   391        SH:  8    Dex: 12    Spells: 7/18 levels left

rFire    + . .     SeeInvis .   q - +4 dagger (flame)
rCold    x . .     Gourm    .   e - +1 buckler
rNeg     + . .     Faith    .   (helmet restricted)
rPois    .         Spirit   .   x - +2 amulet of reflection
rElec    .         Reflect  +   d - ring of positive energy
rCorr    .         Harm     .   k - ring of fire
MR       .....                  B - +4 ring of intelligence
Stlth    +++.......             s - +2 ring of slaying
HPRegen  0.18/turn              (no ring)
MPRegen  0.15/turn              (no ring)
                                (no ring)
                                (no ring)

@: no status effects
A: almost no armour, stealthy swim, amphibious, 8 rings, constrict 8, camouflage
1, gelatinous body 1
a: Channel Magic, Renounce Religion


You were on level 7 of the Dungeon.
You worshipped Sif Muna.
Sif Muna was aware of your devotion.
You were not hungry.

You visited 2 branches of the dungeon, and saw 8 of its levels.

You collected 391 gold pieces.

Inventory:

Hand Weapons
 n - a +0 dagger
 p - a +1 dagger of venom
 q - a +4 dagger of flaming (weapon)
 D - a +4 rapier of speed
Missiles
 g - 3 atropa-tipped darts (quivered)
 i - 6 javelins
 r - a throwing net
Armour
 e - a +1 buckler (worn)
Magical Staves
 E - an uncursed staff of earth
Jewellery
 d - a ring of positive energy (left tentacle)
 k - a ring of fire (right tentacle)
 s - a +2 ring of slaying (on tentacle)
 x - a +2 amulet of reflection (around mantle)
 y - an uncursed amulet of harm
 B - a +4 ring of intelligence (on tentacle)
Wands
 w - a wand of clouds (3)
Scrolls
 a - 8 scrolls of identify
 c - 5 scrolls of teleportation
 f - 4 scrolls of remove curse
 j - a scroll of amnesia
 v - a scroll of immolation
Potions
 h - a potion of cancellation
 l - 6 potions of heal wounds {unknown}
 m - 2 potions of lignification {unknown}
 o - a potion of mutation {unknown}
 t - 4 potions of curing {unknown}
 z - a potion of might {unknown}
Comestibles
 b - 16 rations
 u - 3 chunks of flesh


   Skills:
 + Level 2.1 Fighting
 + Level 3.7 Short Blades
 + Level 4.0 Dodging
 - Level 2.6 Stealth
 * Level 4.2 Shields
 * Level 5.4 Spellcasting
 * Level 6.8 Conjurations
 * Level 1.7 Summonings
 * Level 1.7 Translocations


You had 7 spell levels left.
You knew the following spells:

 Your Spells              Type           Power        Failure   Level  Hunger
a - Magic Dart            Conj           ####         1%          1    None
b - Call Imp              Summ           ##......     6%          2    None
c - Iskenderun's Mystic   Conj           #####...     4%          4    ####...
d - Force Lance           Conj/Tloc      ####....     14%         4    ####...

Your spell library contained the following spells:

 Spells                   Type           Power        Failure   Level  Hunger
 Searing Ray              Conj           #####.       1%          2    None
 Apportation              Tloc           ##....       4%          1    None
 Summon Small Mammal      Summ           ##..         4%          1    None
 Dazzling Spray           Conj/Hex       ###...       6%          3    ##.....
 Animate Skeleton         Necr           N/A          9%          1    None
 Confusing Touch          Hex            #.....       9%          1    None
 Call Canine Familiar     Summ           ##......     13%         3    ##.....
 Summon Guardian Golem    Hex/Summ       ##......     19%         3    ##.....
 Fulminant Prism          Conj/Hex       ###.......   21%         4    ####...
 Summon Ice Beast         Ice/Summ       ##......     52%         4    ####...
 Summon Lightning Spire   Summ/Air       ##......     52%         4    ####...


Dungeon Overview and Level Annotations

Branches:
Dungeon (7/15)             Temple (1/1) D:5

Altars:
Ashenzari
Cheibriados
Dithmenos
Fedhas
Gozag
Hepliaklqana
Kikubaaqudgha
Makhleb
Nemelex Xobeh
Qazlal
Ru
Sif Muna
Uskayaw
Vehumet
Wu Jian
Xom
Yredelemnul
Zin
The Shining One

Annotations:
D:3 1 runed translucent door, an12's ghost, amateur VSTm


Innate Abilities, Weirdness & Mutations

You cannot wear most types of armour.
You are very stealthy in the water. (Stealth+)
You are amphibious.
You can wear up to eight rings at the same time.
You can use your tentacles to constrict eight enemies at once.
Your skin changes colour to match your surroundings (Stealth+).
Your rubbery body absorbs attacks. (AC +1, EV +1)


Message History

Confirm with . or Enter, or press ? or * to list all spells.
Okay, then.
Unknown command.
Unknown command.
Okay, then.
Press: ? - help, v - describe, . - travel
Here: a hippogriff (almost dead)
The floor, spattered with blood.
Unknown command.
A hound comes into view.
The hound barks!
Casting: Force Lance (safe; 14% risk of failure)
Confirm with . or Enter, or press ? or * to list all spells.
Aiming: Iskenderun's Mystic Blast (safe; 4% risk of failure)
Press: ? - help, Shift-Dir - straight line, f - hippogriff
Aim: a hippogriff (almost dead)
The orb of energy hits the hippogriff.
The hippogriff is almost dead.
The orb of energy explodes!
The hippogriff bites you.
You die...

.#...###..######...#
##...###..#######'##
..........).........
......[.............
############'##########+######
..............................
................).............
................).............
...............H@.h...........
######################'#######
# ........รท.....# #
..............# #
..............# #
###.##..##....# # ## #..#
....# ....# .... ....+ ....#
..... ...#


You could see a hippogriff and a hound.

Vanquished Creatures
  Eustachio (D:4)
  An ice beast (D:5)
  3 ogres
  2 scorpions (D:6)
  4 killer bees (D:7)
  A howler monkey (D:5)
  4 crimson imps
  2 jellies
  A gnoll shaman (D:3)
  2 bullfrog skeletons
  2 orc wizards
  A centaur skeleton (D:4)
  3 iguanas
  5 worker ants
  Robin (D:2)
  7 gnolls
  9 adders
  3 oozes
  3 worms
  A dart slug (D:1)
  2 leopard geckos (D:6)
  15 orcs
  5 giant cockroaches
  16 goblins
  7 hobgoblins
  6 kobolds
  7 quokkas
  A ball python (D:1)
  A ball python skeleton (D:4)
  9 bats
  3 frilled lizards
  A jackal skeleton (D:5)
  A leopard gecko zombie (D:5)
  A quokka zombie (D:6)
  7 rats
138 creatures vanquished.

Vanquished Creatures (collateral kills)
  An ice beast (D:6)
  A scorpion (D:7)
  A killer bee (D:7)
3 creatures vanquished.

Grand Total: 141 creatures vanquished

Notes
Turn   | Place    | Note
-------+----------+-------------------------------------------
     0 | D:1      | Conn the Octopode Conjurer began the quest for the Orb.
     0 | D:1      | Reached XP level 1. HP: 11/11 MP: 3/3
   365 | D:1      | Reached XP level 2. HP: 10/17 MP: 0/5
  1238 | D:2      | Learned a level 2 spell: Searing Ray
  1274 | D:2      | Reached XP level 3. HP: 18/21 MP: 2/6
  1388 | D:2      | Reached skill level 5 in Conjurations
  1444 | D:2      | Reached XP level 4. HP: 20/27 MP: 7/7
  1493 | D:2      | Reached skill level 1 in Shields
  1641 | D:2      | Noticed Robin
  1644 | D:2      | Reached XP level 5. HP: 24/31 MP: 6/8
  2021 | D:2      | Killed Robin
  2302 | D:3      | Found a runed translucent door.
  2304 | D:3      | Noticed an12's ghost (amateur VSTm)
  2483 | D:3      | Reached skill level 1 in Short Blades
  2522 | D:3      | Learned a level 4 spell: Iskenderun's Mystic Blast
  2646 | D:3      | Reached XP level 6. HP: 36/36 MP: 0/10
  2907 | D:3      | Found a burning altar of Makhleb.
  2908 | D:3      | Found a radiant altar of Vehumet.
  3622 | D:4      | Found a basalt altar of Yredelemnul.
  3769 | D:4      | Found a blossoming altar of Fedhas.
  3777 | D:4      | Found a shadowy altar of Dithmenos.
  3777 | D:4      | Found a hide-covered altar of Uskayaw.
  3779 | D:4      | Found a hazy altar of Hepliaklqana.
  4067 | D:4      | Learned a level 4 spell: Force Lance
  4074 | D:4      | Noticed Eustachio
  4083 | D:4      | Killed Eustachio
  4083 | D:4      | Reached XP level 7. HP: 26/42 MP: 9/12
  4337 | D:5      | Entered Level 5 of the Dungeon
  4402 | D:5      | Reached skill level 1 in Fighting
  4402 | D:5      | Reached skill level 6 in Conjurations
  4785 | D:5      | Found an ancient bone altar of Kikubaaqudgha.
  4808 | D:5      | Found a staircase to the Ecumenical Temple.
  5043 | D:5      | Reached XP level 8. HP: 48/48 MP: 14/14
  6150 | D:6      | HP: 1/49 [ice beast (21)]
  6448 | D:5      | Learned a level 2 spell: Call Imp
  6623 | Temple   | Entered the Ecumenical Temple
  6632 | Temple   | Became a worshipper of Sif Muna the Loreminder
  6966 | D:6      | Found a stormy altar of Qazlal.
  7396 | D:7      | Reached skill level 1 in Summonings
  7396 | D:7      | Reached skill level 1 in Translocations
  7437 | D:7      | Reached skill level 5 in Spellcasting
  7788 | D:7      | Found a snail-covered altar of Cheibriados.
  7816 | D:7      | Reached XP level 9. HP: 54/54 MP: 12/16
  7846 | D:7      | Reached * piety under Sif Muna
  7876 | D:7      | Slain by a hippogriff

Levels and vault maps discovered:
D:1:      dpeg_arrival_water_fire, layout_basic, minmay_tree_intersection,
          chequers_serial_rivers_marsh, minmay_misc_feat_secret_circle,
          serial_park_tiny_1
D:2:      layout_rooms, uniq_robin
D:3:      layout_basic, grunt_temple_overflow_lords_of_destruction,
          ebering_ghost_inner_flame
D:4:      layout_loops_cross, old_standard_altar, minitemple, uniq_eustachio
D:5:      layout_basic, kiku_gazebo_pond_becter, temple_statues, first_ration
D:6:      layout_cave_pools, grunt_qazlal_sundering
D:7:      layout_gridville, basic_altar, the_bakery
Temple:   cyrus_circular_temple

Skill      XL: |  1  2  3  4  5  6  7  8 |
---------------+-------------------------+-----
Conjurations   | 5 6 |  6.8
Shields        | 1 2 3 4 |  4.2
Short Blades   | 1 2 3 |  3.7
Spellcasting   | 3 4 5 |  5.4
Dodging        | 3 4 |  4.0
Fighting       | 1 2 |  2.1
Summonings     | 1 |  1.7
Translocations | 1 |  1.7
Stealth        | |  2.6

Action                   |  1- 3 |  4- 6 |  7- 9 || total
-------------------------+-------+-------+-------++-------
Melee: Unarmed           |    19 |       |       ||    19
       Constrict         |     8 |    29 |    26 ||    63
       Tentacles         |     7 |    14 |    20 ||    41
       Dagger            |    16 |   104 |    60 ||   180
       Rapier            |       |       |    33 ||    33
 Cast: Magic Dart        |    37 |    65 |    41 ||   143
       Iskenderun's Myst |       |       |    12 ||    12
       Call Imp          |       |       |     9 ||     9
       Force Lance       |       |       |     1 ||     1
  Use: Scroll            |       |       |    14 ||    14
 Stab: Sleeping          |     3 |     5 |    10 ||    18
  Eat: Chunk             |     2 |     8 |     7 ||    17
       Ration            |       |       |     2 ||     2
Armor: Skin              |     3 |     8 |     4 ||    15
Dodge: Dodged            |    30 |    67 |    63 ||   160
Block: Buckler           |     8 |    21 |    33 ||    62
       Reflection        |       |       |     2 ||     2

Table legend:
 A = Non-vault XP
 B = Vault XP
 C = Vault XP percentage of total XP
 D = Non-vault monster count
 E = Vault monster count
 F = Vault count percentage of total count
                 A         B        C        D         E       F
            +---------+---------+-------+---------+---------+-------
      Total |    2149 |     284 |  11.7 |     128 |      13 |   9.2
            +---------+---------+-------+---------+---------+-------
        D:1 |      24 |       2 |   7.7 |      11 |       1 |   8.3
        D:2 |     164 |      31 |  15.9 |      31 |      10 |  24.4
        D:3 |     123 |      48 |  28.1 |      22 |       1 |   4.3
        D:4 |     206 |     203 |  49.6 |      10 |       1 |   9.1
        D:5 |     422 |       0 |   0.0 |      17 |       0 |   0.0
        D:6 |     658 |       0 |   0.0 |      20 |       0 |   0.0
        D:7 |     552 |       0 |   0.0 |      17 |       0 |   0.0
            +---------+---------+-------+---------+---------+-------
